AoeStats
← [GG] Shevchenko 7

Pilgrims

508146798Analyzed
4v4 RM · 12d ago on Sep 21, 2026· 33m 11s· 8 players
Game mode
Random Map
Map size
Large (8 player)
Population
200
Speed
Normal
Resources
Standard
Victory
Conquest
Starting age
Dark Age
Ending age
Imperial Age
RankedLock teamsTeams togetherTeam positionsShared explorationLock speedFull tech treeHidden civsTurbo modeCheats
Victory
Defeat
🇹🇼 Huns · Taiwan
1046
+15
🇺🇸 Bengalis · United States
1022
+16
🇨🇴 Japanese · Colombia
990
+17
🇨🇴 Bohemians · Colombia
987
+17
1070
-19
🇧🇷 Malians · Brazil
1040
-17
🇧🇷 Huns · Brazil
991
-15
🇧🇷 Slavs · Brazil
965
-14
[GG] Raúl González Blanco
7:29 Loom
12:29 Feudal Age
21:10 Castle Age
20:20 Town Watch
21:22 Crossbowman
[GG] Shevchenko 7
7:32 Loom
15:30 Feudal Age
19:39 Castle Age
28:21 Wheelbarrow
[GG] Ibrahimovic
8:15 Loom
16:00 Feudal Age
18:18 Town Watch
18:21 Double-Bit Axe
18:21 Horse Collar
21:49 Padded Archer Armor
22:05 Forging
29:12 Castle Age
29:13 Wheelbarrow
28:42 Man-at-Arms
29:30 Scale Mail Armor
30:44 Fletching
33:18 Chain Mail Armor
33:39 Iron Casting
33:18 Bodkin Arrow
[GG] Trezeguet
8:02 Loom
11:57 Feudal Age
13:14 Wheelbarrow
12:33 Gold Mining
13:00 Double-Bit Axe
19:34 Castle Age
18:30 Stone Mining
20:08 Demolition Ship
20:59 Medium Warships
23:29 Bow Saw
24:01 Horse Collar
25:31 Scale Mail Armor
30:43 Forging
31:23 Hand Cart
DJSTONKS
11:05 Feudal Age
12:23 Double-Bit Axe
17:08 Castle Age
15:35 Loom
18:05 Medium Warships
19:05 Town Watch
19:35 Fletching
21:53 Bodkin Arrow
24:19 Bow Saw
25:39 Ballistics
26:38 Padded Archer Armor
28:47 Husbandry
28:57 Bloodlines
35:45 Imperial Age
DCB
3:35 Loom
13:20 Feudal Age
18:25 Castle Age
20:04 Fishing Lines
21:08 Medium Warships
20:51 Gillnets
21:16 Gillnets
25:04 Wheelbarrow
23:51 Pikeman
24:32 Squires
24:17 Arson
27:38 Imperial Age
24:58 Town Watch
25:42 Horse Collar
25:55 Double-Bit Axe
25:54 Light Cavalry
30:39 Chemistry
30:09 Hand Cart
32:37 Husbandry
31:58 Light Cavalry
嘿嘿嘿
10:19 Loom
14:06 Feudal Age
14:56 Double-Bit Axe
16:47 Bloodlines
17:12 Horse Collar
22:45 Castle Age
21:23 Forging
21:18 Scale Barding Armor
21:33 Stone Mining
22:14 Fletching
25:10 Iron Casting
25:55 Bow Saw
28:22 Wheelbarrow
29:39 Husbandry
29:36 Town Watch
30:36 Heavy Plow
briantorresr25
10:02 Loom
11:48 Feudal Age
22:11 Castle Age
32:42 Scale Mail Armor
33:30 Forging
Connection lost

Rejoining the realm…

Still unreachable

The connection could not be restored.

Session expired

The server has moved on; the page needs a fresh start.